[ AOE2 MATCH · #483572002 ]
Team RMCumans vs Lithuanians
[ REPLAY ANALYSIS · EXTRACTED FROM THE RECORDED GAME ]
Feudal
10:54
Castle
16:15
Imperial
31:15
| APM avg | 27.7 |
| APM peak | 77 |
| eAPM avg | 19.2 |
| Villagers / military | 159 / 405 |
Focus
⚔️ 28.3% · 🌾 71.7%
Steppe Lancer ×261 · Spearman ×56 · Scout Cavalry ×47 · Camel Scout ×23 · Battering Ram ×12 · Monk ×3
Feudal
11:59
Castle
16:35
Imperial
31:19
| APM avg | 29.6 |
| APM peak | 78 |
| eAPM avg | 13.7 |
| Villagers / military | 149 / 356 |
Focus
⚔️ 35.0% · 🌾 65.0%
Magyar Huszar ×194 · Cavalry Archer ×158 · Trebuchet (Packed) ×4
Feudal
9:45
Castle
17:33
Imperial
34:50
| APM avg | 34.0 |
| APM peak | 119 |
| eAPM avg | 19.5 |
| Villagers / military | 171 / 335 |
Focus
⚔️ 25.5% · 🌾 74.5%
Spearman ×267 · Iron Pagoda ×67 · Trebuchet (Packed) ×1
Feudal
11:02
Castle
15:58
Imperial
29:30
| APM avg | 31.7 |
| APM peak | 71 |
| eAPM avg | 19.0 |
| Villagers / military | 139 / 58 |
Focus
⚔️ 43.0% · 🌾 57.0%
Unknown (1952) ×125 · Scout Cavalry ×34 · Unknown (1942) ×27 · Unknown (1944) ×23 · Spearman ×12 · Monk ×6
Feudal
11:05
Castle
18:33
Imperial
34:16
| APM avg | 20.6 |
| APM peak | 52 |
| eAPM avg | 13.8 |
| Villagers / military | 112 / 329 |
Focus
⚔️ 32.4% · 🌾 67.6%
Skirmisher ×157 · Knight ×153 · Spearman ×8 · Bombard Cannon ×7 · Monk ×3 · Trebuchet (Packed) ×1
Feudal
10:38
Castle
16:19
Imperial
32:18
| APM avg | 12.2 |
| APM peak | 51 |
| eAPM avg | 10.2 |
| Villagers / military | 136 / 118 |
Focus
⚔️ 22.1% · 🌾 77.9%
Spearman ×75 · Samurai ×24 · Trebuchet (Packed) ×14 · Trade Cart ×3 · Battering Ram ×3 · Mangonel ×2
Feudal
10:39
Castle
18:14
Imperial
31:47
| APM avg | 25.6 |
| APM peak | 50 |
| eAPM avg | 18.2 |
| Villagers / military | 156 / 377 |
Focus
⚔️ 27.1% · 🌾 72.9%
Camel Scout ×257 · Skirmisher ×120
Feudal
—
Castle
—
Imperial
—
| APM avg | 34.7 |
| APM peak | 77 |
| eAPM avg | 12.6 |
| Villagers / military | 108 / 105 |
Focus
⚔️ 29.6% · 🌾 70.4%
Spearman ×55 · Skirmisher ×42 · Battering Ram ×6 · Mangonel ×2
Match map
Initial resources + every placement click. Lines = walls · curves = elevation contours. ◆ gold · ⬟ stone · ● berries · ✦ relic · ◌ wall gap
Your base· ✓ Closed at 16:15 · 0t walls · 2 gate(s)
tyshuff's base· ✓ Closed at 16:35 · 0t walls · 3 gate(s)
xianhuoyan's base· ✓ Closed at 17:33 · 0t walls · 2 gate(s)
xiweb's base· ✓ Closed at 15:58 · 0t walls · 2 gate(s)
Felon's base· ✓ Closed at 18:33 · 0t walls · 2 gate(s)
Great Gali Djowo's base· ✓ Closed at 16:19 · 0t walls · 2 gate(s)
Dark Light-XiaoXiao's base· ✓ Closed at 18:14 · 0t walls · 2 gate(s)
KingTeOTep's base· ✓ Closed at 14:44 · 0t walls · 2 gate(s)
Smoothed initial terrain · ◌ = detected wall gap · hover for details
Inputs per minute
— 叫我帅哥就好了 - - tyshuff
Build order — 叫我帅哥就好了
First 150 of 441 actions detected
| 0:00 | Create | Villager (Male) |
| 0:01 | Create | Villager (Male) |
| 0:02 | Build | House |
| 0:04 | Build | House |
| 0:46 | Create | Villager (Male) |
| 1:01 | Create | Villager (Male) |
| 1:35 | Create | Villager (Male) |
| 1:45 | Build | Lumber Camp |
| 2:05 | Create | Villager (Male) |
| 2:22 | Create | Villager (Male) |
| 2:23 | Create | Villager (Male) |
| 2:59 | Create | Villager (Male) |
| 3:00 | Create | Villager (Male) |
| 3:00 | Create | Villager (Male) |
| 3:13 | Create | Villager (Male) |
| 3:54 | Create | Villager (Male) |
| 3:55 | Create | Villager (Male) |
| 3:55 | Create | Villager (Male) |
| 4:06 | Build | House |
| 4:19 | Build | House |
| 4:22 | Build | House |
| 4:23 | Build | House |
| 4:27 | Create | Villager (Male) |
| 4:28 | Create | Villager (Male) |
| 4:28 | Create | Villager (Male) |
| 4:28 | Create | Villager (Male) |
| 4:53 | Build | House |
| 4:54 | Build | House |
| 5:26 | Create | Villager (Male) |
| 5:26 | Create | Villager (Male) |
| 5:26 | Create | Villager (Male) |
| 6:13 | Create | Villager (Male) |
| 6:17 | Build | Mill |
| 6:21 | Create | Villager (Male) |
| 6:21 | Create | Villager (Male) |
| 6:31 | Create | Villager (Male) |
| 7:46 | Build | Farm |
| 7:51 | Build | Farm |
| 7:54 | Create | Villager (Male) |
| 7:55 | Create | Villager (Male) |
| 7:59 | Build | Farm |
| 8:00 | Create | Villager (Male) |
| 8:21 | Build | Mining Camp |
| 8:39 | Research | Feudal Age |
| 10:33 | Create | Villager (Male) |
| 10:33 | Create | Villager (Male) |
| 10:54 | Age | Feudal Age |
| 10:56 | Build | Market |
| 11:01 | Build | Blacksmith |
| 11:40 | Create | Villager (Male) |
| 12:00 | Build | Barracks |
| 12:06 | Create | Villager (Male) |
| 12:24 | Create | Villager (Male) |
| 12:48 | Create | Villager (Male) |
| 12:57 | Build | Stable |
| 12:59 | Build | House |
| 13:17 | Build | Farm |
| 13:22 | Build | Farm |
| 13:24 | Create | Villager (Male) |
| 13:35 | Research | Castle Age |
| 13:35 | Research | Castle Age |
| 13:35 | Research | Castle Age |
| 13:43 | Build | Farm |
| 13:52 | Build | Farm |
| 14:12 | Build | House |
| 14:33 | Build | Town Center |
| 14:44 | Research | Double-Bit Axe |
| 14:44 | Research | Double-Bit Axe |
| 14:47 | Research | Horse Collar |
| 14:59 | Build | House |
| 15:48 | Build | House |
| 16:15 | Age | Castle Age |
| 16:16 | Create | Knight |
| 16:21 | Create | Camel Scout |
| 16:25 | Build | Monastery |
| 16:30 | Create | Villager (Male) |
| 16:30 | Create | Villager (Male) |
| 16:41 | Create | Villager (Male) |
| 16:42 | Create | Villager (Male) |
| 16:44 | Create | Villager (Male) |
| 16:44 | Create | Villager (Male) |
| 16:56 | Create | Camel Scout |
| 17:04 | Build | House |
| 17:27 | Create | Monk |
| 17:33 | Build | House |
| 17:41 | Create | Villager (Male) ×3 |
| 17:51 | Build | Town Center |
| 18:43 | Build | House |
| 18:51 | Create | Villager (Male) |
| 18:52 | Create | Villager (Male) |
| 19:08 | Create | Villager (Male) |
| 19:08 | Create | Villager (Male) |
| 19:19 | Build | House |
| 19:25 | Build | Farm |
| 19:26 | Build | Farm |
| 19:26 | Build | Farm |
| 19:26 | Build | Farm |
| 19:26 | Build | Farm |
| 19:27 | Build | Farm |
| 19:27 | Build | Farm |
| 19:27 | Build | Farm |
| 19:27 | Build | Farm |
| 19:28 | Build | Farm |
| 19:31 | Build | Farm |
| 19:32 | Create | Villager (Male) |
| 19:39 | Build | Farm |
| 19:43 | Build | Farm |
| 19:44 | Build | Farm |
| 19:59 | Build | House |
| 20:03 | Build | House |
| 20:13 | Create | Monk |
| 20:15 | Create | Villager (Male) |
| 20:16 | Create | Villager (Male) |
| 20:21 | Build | Farm |
| 20:25 | Build | Farm |
| 20:27 | Create | Villager (Male) |
| 20:33 | Create | Villager (Male) |
| 20:35 | Build | House |
| 20:44 | Build | Farm |
| 20:47 | Create | Villager (Male) |
| 20:58 | Create | Camel Scout |
| 21:00 | Build | Farm |
| 21:05 | Build | Farm |
| 21:06 | Create | Villager (Male) |
| 21:30 | Build | House |
| 21:32 | Build | House |
| 21:33 | Create | Villager (Male) ×5 |
| 21:35 | Build | Mining Camp |
| 21:43 | Build | Farm |
| 21:46 | Create | Villager (Male) |
| 22:07 | Build | Farm |
| 22:10 | Create | Villager (Male) ×5 |
| 22:14 | Create | Monk |
| 22:38 | Build | Farm |
| 22:59 | Create | Villager (Male) |
| 23:05 | Build | Farm |
| 23:23 | Create | Villager (Male) ×5 |
| 23:26 | Build | Farm |
| 23:50 | Build | Farm |
| 23:57 | Create | Villager (Male) |
| 24:10 | Build | House |
| 24:19 | Build | Town Center |
| 24:21 | Create | Villager (Male) |
| 24:45 | Create | Villager (Male) ×5 |
| 24:49 | Build | House |
| 24:51 | Build | House |
| 24:53 | Build | Palisade Gate |
| 25:03 | Build | House |
| 25:08 | Create | Villager (Male) ×5 |
| 25:24 | Build | Lumber Camp |
Build order — tyshuff
First 150 of 448 actions detected
| 0:02 | Create | Villager (Male) |
| 0:02 | Create | Villager (Male) |
| 0:03 | Create | Villager (Male) |
| 0:03 | Create | Villager (Male) |
| 0:03 | Create | Villager (Male) |
| 0:05 | Build | House |
| 0:07 | Build | House |
| 1:28 | Create | Villager (Male) |
| 1:28 | Create | Villager (Male) |
| 1:28 | Create | Villager (Male) |
| 2:07 | Create | Villager (Male) |
| 2:29 | Create | Villager (Male) |
| 2:51 | Build | House |
| 2:52 | Build | House |
| 2:54 | Build | House |
| 3:02 | Create | Villager (Male) |
| 3:02 | Create | Villager (Male) |
| 3:37 | Create | Villager (Male) |
| 3:37 | Create | Villager (Male) |
| 3:38 | Create | Villager (Male) |
| 3:38 | Create | Villager (Male) |
| 4:24 | Build | Lumber Camp |
| 4:29 | Create | Villager (Male) |
| 4:29 | Create | Villager (Male) |
| 4:30 | Create | Villager (Male) |
| 4:30 | Create | Villager (Male) |
| 6:04 | Create | Villager (Male) |
| 6:04 | Create | Villager (Male) |
| 6:05 | Create | Villager (Male) |
| 6:06 | Create | Villager (Male) |
| 6:06 | Create | Villager (Male) |
| 6:06 | Create | Villager (Male) |
| 6:06 | Create | Villager (Male) |
| 7:22 | Build | Mill |
| 7:35 | Create | Villager (Male) |
| 7:35 | Create | Villager (Male) |
| 7:36 | Create | Villager (Male) |
| 8:01 | Build | Farm |
| 8:10 | Build | Farm |
| 8:45 | Build | Mining Camp |
| 8:58 | Research | Feudal Age |
| 10:05 | Build | House |
| 10:14 | Build | Barracks |
| 11:59 | Age | Feudal Age |
| 12:03 | Build | Blacksmith |
| 12:16 | Build | Archery Range |
| 12:22 | Create | Villager (Male) |
| 12:22 | Create | Villager (Male) |
| 13:06 | Build | Farm |
| 13:08 | Build | Farm |
| 13:38 | Build | Farm |
| 13:55 | Research | Castle Age |
| 13:56 | Research | Castle Age |
| 13:56 | Research | Castle Age |
| 13:56 | Research | Castle Age |
| 14:27 | Research | Horse Collar |
| 14:47 | Build | Farm |
| 14:51 | Build | Farm |
| 14:56 | Build | Farm |
| 15:01 | Build | Farm |
| 15:05 | Research | Double-Bit Axe |
| 16:05 | Create | Villager (Male) |
| 16:05 | Create | Villager (Male) |
| 16:05 | Create | Villager (Male) |
| 16:14 | Build | Farm |
| 16:35 | Age | Castle Age |
| 16:40 | Build | Town Center |
| 16:45 | Build | Town Center |
| 16:47 | Create | Villager (Male) |
| 16:47 | Create | Villager (Male) |
| 16:50 | Research | Bow Saw |
| 16:55 | Research | Heavy Plow |
| 17:38 | Create | Villager (Male) |
| 17:46 | Build | House |
| 17:46 | Build | House |
| 17:47 | Build | House |
| 17:47 | Build | House |
| 17:48 | Build | House |
| 17:48 | Build | House |
| 17:49 | Build | House |
| 17:57 | Create | Villager (Male) |
| 17:57 | Create | Villager (Male) |
| 17:57 | Create | Villager (Male) |
| 18:19 | Create | Villager (Male) |
| 18:47 | Create | Villager (Male) |
| 18:47 | Create | Villager (Male) |
| 18:53 | Build | Farm |
| 18:56 | Build | Farm |
| 18:59 | Build | Farm |
| 19:03 | Build | Farm |
| 19:09 | Build | Farm |
| 19:12 | Build | Farm |
| 19:15 | Build | Farm |
| 19:22 | Build | Farm |
| 19:31 | Create | Villager (Male) |
| 19:31 | Create | Villager (Male) |
| 19:32 | Create | Villager (Male) |
| 19:35 | Build | Farm |
| 19:38 | Build | Farm |
| 19:42 | Build | Farm |
| 19:49 | Build | Farm |
| 19:50 | Create | Villager (Male) |
| 19:51 | Create | Villager (Male) |
| 19:57 | Build | House |
| 19:58 | Build | House |
| 20:00 | Build | House |
| 20:04 | Create | Villager (Male) |
| 20:04 | Create | Villager (Male) |
| 20:04 | Create | Villager (Male) |
| 20:05 | Create | Villager (Male) |
| 20:05 | Create | Villager (Male) |
| 20:11 | Build | Farm |
| 20:14 | Build | Farm |
| 20:20 | Build | Farm |
| 20:30 | Build | Farm |
| 20:34 | Create | Villager (Male) |
| 20:34 | Create | Villager (Male) |
| 20:35 | Create | Villager (Male) |
| 20:35 | Create | Villager (Male) |
| 20:35 | Create | Villager (Male) |
| 20:36 | Create | Villager (Male) |
| 20:36 | Create | Villager (Male) |
| 20:36 | Create | Villager (Male) |
| 21:08 | Create | Villager (Male) |
| 21:08 | Create | Villager (Male) |
| 21:08 | Create | Villager (Male) |
| 21:09 | Create | Villager (Male) |
| 21:09 | Create | Villager (Male) |
| 21:09 | Create | Villager (Male) |
| 21:09 | Create | Villager (Male) |
| 21:09 | Create | Villager (Male) |
| 21:09 | Create | Villager (Male) |
| 21:13 | Build | House |
| 21:14 | Build | House |
| 21:16 | Build | House |
| 21:25 | Build | Farm |
| 21:31 | Build | Farm |
| 21:35 | Build | Farm |
| 21:39 | Build | Farm |
| 21:44 | Build | Farm |
| 21:50 | Create | Villager (Male) |
| 21:50 | Create | Villager (Male) |
| 21:50 | Create | Villager (Male) |
| 21:51 | Create | Villager (Male) |
| 21:51 | Create | Villager (Male) |
| 21:51 | Create | Villager (Male) |
| 21:52 | Create | Villager (Male) |
| 21:58 | Build | Farm |
| 22:01 | Build | Farm |
| 22:04 | Build | Farm |
Build order — xianhuoyan
First 150 of 435 actions detected
| 0:03 | Create | Villager (Male) |
| 0:03 | Create | Villager (Male) |
| 0:06 | Build | House |
| 0:08 | Build | House |
| 0:08 | Create | Villager (Male) |
| 0:09 | Create | Villager (Male) |
| 1:29 | Create | Villager (Male) |
| 1:29 | Create | Villager (Male) |
| 1:46 | Create | Villager (Male) |
| 2:27 | Create | Villager (Male) |
| 2:57 | Create | Villager (Male) |
| 2:57 | Create | Villager (Male) |
| 3:04 | Build | Lumber Camp |
| 3:11 | Create | Villager (Male) |
| 3:11 | Create | Villager (Male) |
| 3:17 | Create | Villager (Male) |
| 3:17 | Create | Villager (Male) |
| 3:31 | Build | House |
| 4:04 | Create | Villager (Male) |
| 4:04 | Create | Villager (Male) |
| 4:27 | Create | Villager (Male) |
| 4:27 | Create | Villager (Male) |
| 4:39 | Create | Villager (Male) |
| 4:39 | Create | Villager (Male) |
| 4:59 | Create | Villager (Male) |
| 4:59 | Create | Villager (Male) |
| 4:59 | Create | Villager (Male) |
| 5:10 | Create | Villager (Male) |
| 5:10 | Create | Villager (Male) |
| 5:38 | Create | Villager (Male) |
| 5:38 | Create | Villager (Male) |
| 5:39 | Create | Villager (Male) |
| 5:47 | Create | Villager (Male) |
| 5:48 | Create | Villager (Male) |
| 5:48 | Create | Villager (Male) |
| 6:09 | Build | House |
| 6:27 | Create | Villager (Male) |
| 6:35 | Create | Villager (Male) |
| 6:35 | Create | Villager (Male) |
| 6:35 | Create | Villager (Male) |
| 6:39 | Create | Villager (Male) |
| 6:40 | Create | Villager (Male) |
| 6:40 | Create | Villager (Male) |
| 6:49 | Build | Mill |
| 6:54 | Create | Villager (Male) |
| 6:55 | Create | Villager (Male) |
| 7:05 | Create | Villager (Male) |
| 7:24 | Research | Feudal Age |
| 7:47 | Build | Mining Camp |
| 7:50 | Create | Villager (Male) |
| 8:28 | Build | House |
| 9:14 | Create | Villager (Male) |
| 9:45 | Age | Feudal Age |
| 9:49 | Build | Blacksmith |
| 10:07 | Create | Villager (Male) |
| 10:16 | Build | Mining Camp |
| 10:18 | Create | Villager (Male) |
| 10:33 | Create | Villager (Male) |
| 10:35 | Build | House |
| 11:10 | Build | Market |
| 11:31 | Create | Villager (Male) |
| 12:14 | Build | House |
| 12:19 | Create | Villager (Male) |
| 12:21 | Build | Farm |
| 12:42 | Create | Villager (Male) |
| 12:59 | Build | Farm |
| 13:06 | Build | House |
| 13:11 | Create | Villager (Male) |
| 13:12 | Build | Farm |
| 13:33 | Create | Villager (Male) |
| 13:37 | Build | House |
| 13:42 | Build | Farm |
| 13:43 | Create | Villager (Male) |
| 14:03 | Build | Farm |
| 14:05 | Create | Villager (Male) |
| 14:08 | Build | House |
| 14:39 | Build | Farm |
| 14:42 | Build | House |
| 14:53 | Research | Castle Age |
| 14:55 | Build | Farm |
| 15:22 | Build | House |
| 15:23 | Research | Double-Bit Axe |
| 15:38 | Create | Villager (Male) |
| 15:58 | Create | Villager (Male) |
| 16:01 | Build | House |
| 16:33 | Build | House |
| 16:55 | Research | Horse Collar |
| 17:08 | Build | House |
| 17:33 | Age | Castle Age |
| 17:37 | Build | Town Center |
| 17:44 | Build | Town Center |
| 17:52 | Create | Villager (Male) |
| 18:01 | Build | House |
| 18:17 | Create | Villager (Male) |
| 18:21 | Create | Villager (Male) |
| 18:46 | Create | Villager (Male) |
| 18:51 | Build | Town Center |
| 19:00 | Build | Town Center |
| 19:02 | Create | Villager (Male) |
| 19:03 | Create | Villager (Male) |
| 19:03 | Create | Villager (Male) |
| 19:07 | Create | Villager (Male) |
| 19:16 | Build | University |
| 19:19 | Create | Villager (Male) |
| 19:23 | Create | Villager (Male) |
| 19:41 | Create | Villager (Male) |
| 19:42 | Create | Villager (Male) |
| 19:42 | Create | Villager (Male) |
| 20:12 | Create | Villager (Male) |
| 20:20 | Build | Siege Workshop |
| 20:23 | Create | Villager (Male) |
| 20:33 | Build | Farm |
| 20:34 | Build | Farm |
| 20:37 | Build | Farm |
| 20:39 | Build | Farm |
| 20:46 | Research | Loom |
| 20:47 | Create | Villager (Male) |
| 20:47 | Create | Villager (Male) |
| 21:07 | Build | Farm |
| 21:09 | Create | Villager (Male) |
| 21:11 | Build | Farm |
| 21:12 | Build | Farm |
| 21:13 | Build | Farm |
| 21:14 | Build | Farm |
| 21:19 | Build | Farm |
| 21:27 | Build | House |
| 21:29 | Build | House |
| 21:31 | Build | House |
| 21:34 | Build | House |
| 21:35 | Build | House |
| 21:37 | Build | House |
| 21:55 | Build | Castle |
| 21:57 | Create | Villager (Male) |
| 22:00 | Build | Farm |
| 22:06 | Create | Villager (Male) |
| 22:10 | Build | Farm |
| 22:14 | Build | Farm |
| 22:15 | Build | Farm |
| 22:21 | Build | Farm |
| 22:27 | Create | Villager (Male) |
| 22:36 | Create | Villager (Male) |
| 22:41 | Build | Farm |
| 22:43 | Create | Villager (Male) |
| 22:50 | Create | Villager (Male) |
| 22:52 | Build | Farm |
| 22:54 | Build | Farm |
| 22:57 | Create | Villager (Male) |
| 23:00 | Create | Villager (Male) |
| 23:03 | Create | Villager (Male) |
| 23:12 | Create | Villager (Male) |
Build order — xiweb
First 150 of 587 actions detected
| 0:02 | Create | Villager (Male) |
| 0:02 | Create | Villager (Male) |
| 0:04 | Build | House |
| 0:05 | Build | House |
| 0:29 | Create | Villager (Male) |
| 0:30 | Create | Villager (Male) |
| 1:09 | Create | Villager (Male) |
| 2:07 | Create | Villager (Male) |
| 2:07 | Create | Villager (Male) |
| 2:21 | Build | Lumber Camp |
| 2:25 | Create | Villager (Male) |
| 2:45 | Create | Villager (Male) |
| 2:45 | Create | Villager (Male) |
| 3:26 | Build | House |
| 3:28 | Build | House |
| 3:43 | Create | Villager (Male) |
| 3:44 | Create | Villager (Male) |
| 3:44 | Create | Villager (Male) |
| 4:09 | Build | House |
| 4:20 | Create | Villager (Male) |
| 5:03 | Create | Villager (Male) |
| 5:03 | Create | Villager (Male) |
| 5:03 | Create | Villager (Male) |
| 5:03 | Create | Villager (Male) |
| 5:06 | Build | Mill |
| 6:46 | Create | Villager (Male) |
| 6:46 | Create | Villager (Male) |
| 6:46 | Create | Villager (Male) |
| 6:50 | Build | Mining Camp |
| 7:41 | Create | Villager (Male) |
| 7:54 | Build | Farm |
| 7:58 | Build | Farm |
| 8:05 | Build | Farm |
| 8:21 | Create | Villager (Male) |
| 8:49 | Build | Farm |
| 8:52 | Research | Feudal Age |
| 9:01 | Build | Farm |
| 9:25 | Create | Villager (Male) |
| 9:39 | Build | Barracks |
| 9:52 | Create | Villager (Male) |
| 10:45 | Create | Villager (Male) |
| 11:02 | Age | Feudal Age |
| 11:03 | Research | Double-Bit Axe |
| 11:04 | Research | Horse Collar |
| 11:35 | Build | Archery Range |
| 11:53 | Build | House |
| 12:12 | Build | Farm |
| 12:14 | Create | Villager (Male) |
| 12:43 | Build | Blacksmith |
| 12:45 | Create | Villager (Male) |
| 13:18 | Research | Castle Age |
| 13:26 | Build | Farm |
| 13:43 | Build | Mining Camp |
| 13:59 | Build | House |
| 14:03 | Build | House |
| 14:05 | Research | Stone Mining |
| 14:20 | Build | Lumber Camp |
| 15:12 | Create | Villager (Male) |
| 15:19 | Research | Gold Mining |
| 15:58 | Age | Castle Age |
| 16:03 | Build | Monastery |
| 16:22 | Build | Town Center |
| 16:25 | Create | Villager (Male) |
| 16:28 | Research | Wheelbarrow |
| 16:47 | Create | Villager (Male) |
| 16:56 | Build | Town Center |
| 17:06 | Create | Villager (Male) |
| 17:21 | Create | Villager (Male) |
| 17:39 | Create | Villager (Male) |
| 17:56 | Build | Farm |
| 17:56 | Build | Farm |
| 17:58 | Build | Farm |
| 17:59 | Create | Villager (Male) |
| 18:04 | Create | Villager (Male) |
| 18:09 | Create | Monk |
| 18:11 | Create | Monk |
| 18:14 | Create | Spearman |
| 18:16 | Create | Villager (Male) |
| 18:34 | Build | Castle |
| 18:37 | Create | Villager (Male) |
| 18:41 | Build | Farm |
| 18:44 | Build | Farm |
| 18:48 | Create | Villager (Male) |
| 18:54 | Create | Villager (Male) |
| 18:57 | Build | Farm |
| 19:01 | Create | Villager (Male) |
| 19:12 | Create | Villager (Male) |
| 19:16 | Build | Farm |
| 19:19 | Build | Farm |
| 19:20 | Build | Farm |
| 19:20 | Build | Farm |
| 19:21 | Build | Farm |
| 19:22 | Build | Farm |
| 19:23 | Create | Villager (Male) |
| 19:26 | Create | Villager (Male) |
| 19:28 | Build | Farm |
| 19:33 | Create | Villager (Male) |
| 19:41 | Build | Stone Wall |
| 19:43 | Create | Villager (Male) |
| 19:50 | Build | Farm |
| 19:52 | Build | Farm |
| 19:57 | Create | Villager (Male) |
| 20:02 | Build | House |
| 20:03 | Build | House |
| 20:04 | Build | House |
| 20:06 | Build | House |
| 20:07 | Create | Villager (Male) |
| 20:12 | Create | Villager (Male) |
| 20:25 | Create | Villager (Male) |
| 20:37 | Create | Villager (Male) |
| 20:40 | Create | Unit 1952 |
| 20:40 | Create | Unit 1952 |
| 20:42 | Create | Villager (Male) |
| 20:47 | Create | Villager (Male) |
| 20:55 | Create | Villager (Male) |
| 21:05 | Create | Villager (Male) |
| 21:11 | Create | Villager (Male) |
| 21:14 | Build | Mill |
| 21:16 | Build | Farm |
| 21:16 | Build | Farm |
| 21:16 | Build | Farm |
| 21:16 | Build | Farm |
| 21:17 | Build | Farm |
| 21:17 | Build | Farm |
| 21:17 | Build | Farm |
| 21:18 | Build | Farm |
| 21:20 | Create | Villager (Male) |
| 21:29 | Create | Villager (Male) |
| 21:38 | Create | Villager (Male) |
| 21:45 | Create | Villager (Male) |
| 21:58 | Build | House |
| 21:59 | Build | House |
| 22:00 | Build | House |
| 22:01 | Build | House |
| 22:03 | Create | Villager (Male) |
| 22:09 | Build | Farm |
| 22:11 | Create | Villager (Male) |
| 22:15 | Build | Farm |
| 22:16 | Build | Farm |
| 22:17 | Build | Farm |
| 22:24 | Create | Villager (Male) |
| 22:31 | Create | Villager (Male) |
| 22:44 | Create | Villager (Male) |
| 22:51 | Research | Gold Shaft Mining |
| 22:57 | Build | Town Center |
| 23:00 | Create | Villager (Male) |
| 23:01 | Create | Villager (Male) |
| 23:04 | Research | Town Watch |
| 23:04 | Research | Loom |
| 23:05 | Create | Villager (Male) |
Build order — Felon
First 150 of 334 actions detected
| 0:03 | Create | Villager (Male) ×5 |
| 0:03 | Create | Villager (Male) ×5 |
| 0:04 | Create | Villager (Male) |
| 0:15 | Build | House |
| 0:57 | Build | Lumber Camp |
| 1:35 | Build | House |
| 1:42 | Create | Villager (Male) |
| 2:18 | Build | House |
| 2:19 | Build | House |
| 2:31 | Create | Villager (Male) |
| 2:59 | Create | Villager (Male) |
| 2:59 | Create | Villager (Male) |
| 3:17 | Build | House |
| 3:44 | Create | Villager (Male) |
| 3:45 | Create | Villager (Male) |
| 3:45 | Create | Villager (Male) |
| 3:52 | Build | House |
| 4:06 | Create | Villager (Male) |
| 4:34 | Create | Villager (Male) |
| 4:34 | Create | Villager (Male) |
| 5:07 | Create | Villager (Male) |
| 5:07 | Create | Villager (Male) |
| 5:07 | Create | Villager (Male) |
| 5:50 | Create | Villager (Male) ×3 |
| 6:10 | Build | Mill |
| 6:50 | Create | Villager (Male) |
| 6:50 | Create | Villager (Male) |
| 6:51 | Create | Villager (Male) |
| 6:51 | Create | Villager (Male) |
| 8:08 | Build | Lumber Camp |
| 8:15 | Research | Feudal Age |
| 8:28 | Build | Mining Camp |
| 9:03 | Build | Mill |
| 9:27 | Create | Villager (Male) |
| 9:28 | Create | Villager (Male) |
| 11:05 | Age | Feudal Age |
| 11:07 | Research | Town Watch |
| 11:25 | Build | Market |
| 11:32 | Research | Double-Bit Axe |
| 11:34 | Research | Horse Collar |
| 11:53 | Build | Farm |
| 11:54 | Build | Farm |
| 11:56 | Build | Farm |
| 11:57 | Build | Farm |
| 11:58 | Build | Farm |
| 12:00 | Build | Farm |
| 12:01 | Build | Farm |
| 12:04 | Build | Farm |
| 12:07 | Create | Villager (Male) ×4 |
| 12:17 | Build | Farm |
| 12:18 | Build | Farm |
| 12:19 | Build | Farm |
| 12:32 | Create | Villager (Male) |
| 12:51 | Build | Blacksmith |
| 13:10 | Create | Villager (Male) |
| 13:17 | Build | House |
| 13:18 | Build | House |
| 13:19 | Build | House |
| 13:32 | Build | House |
| 13:35 | Build | House |
| 13:52 | Build | House |
| 14:18 | Build | Farm |
| 14:33 | Create | Villager (Male) |
| 14:57 | Create | Villager (Male) |
| 15:07 | Build | Farm |
| 15:13 | Create | Villager (Male) |
| 15:37 | Build | Barracks |
| 15:49 | Research | Castle Age |
| 16:38 | Create | Spearman |
| 16:38 | Create | Spearman |
| 16:39 | Create | Spearman |
| 16:46 | Research | Forging |
| 16:47 | Research | Scale Mail Armor |
| 17:20 | Research | Gold Mining |
| 17:29 | Research | Loom |
| 17:36 | Create | Villager (Male) |
| 18:33 | Age | Castle Age |
| 18:36 | Build | Town Center |
| 18:40 | Research | Bow Saw |
| 18:44 | Research | Heavy Plow |
| 18:51 | Build | Monastery |
| 19:08 | Research | Pikeman (upgrade) |
| 19:11 | Research | Squires |
| 19:18 | Create | Spearman |
| 19:25 | Create | Spearman |
| 19:41 | Create | Villager (Male) |
| 19:41 | Create | Villager (Male) |
| 20:04 | Research | Fervor |
| 20:04 | Create | Monk |
| 20:10 | Create | Monk |
| 20:13 | Create | Spearman |
| 20:25 | Build | Town Center |
| 20:33 | Create | Villager (Male) |
| 20:35 | Research | Wheelbarrow |
| 20:54 | Build | Stable |
| 21:02 | Create | Villager (Male) |
| 21:05 | Create | Villager (Male) |
| 21:05 | Create | Villager (Male) |
| 21:20 | Build | Farm |
| 21:21 | Build | Farm |
| 21:22 | Build | Farm |
| 21:23 | Build | Farm |
| 21:37 | Create | Spearman |
| 21:37 | Create | Spearman |
| 22:12 | Research | Sanctity |
| 22:13 | Create | Villager (Male) |
| 22:14 | Create | Villager (Male) |
| 22:14 | Create | Villager (Male) |
| 22:18 | Create | Villager (Male) |
| 22:18 | Create | Villager (Male) |
| 22:24 | Build | Farm |
| 22:25 | Build | Farm |
| 22:26 | Build | Farm |
| 22:27 | Build | Farm |
| 22:30 | Create | Villager (Male) |
| 22:30 | Create | Villager (Male) |
| 22:37 | Create | Villager (Male) |
| 22:37 | Create | Villager (Male) |
| 23:39 | Create | Monk |
| 23:55 | Build | Mining Camp |
| 24:05 | Build | Farm |
| 24:06 | Build | Farm |
| 24:06 | Build | Farm |
| 24:13 | Build | Farm |
| 24:14 | Build | Farm |
| 24:15 | Build | Farm |
| 24:16 | Build | Farm |
| 24:17 | Build | Farm |
| 24:21 | Research | Hand Cart |
| 24:24 | Create | Villager (Male) ×5 |
| 24:32 | Create | Villager (Male) ×5 |
| 24:44 | Build | Mining Camp |
| 24:49 | Create | Villager (Male) |
| 24:49 | Create | Villager (Male) |
| 24:50 | Create | Villager (Male) |
| 24:50 | Create | Villager (Male) |
| 25:31 | Build | Stable |
| 25:39 | Research | Stone Mining |
| 25:42 | Create | Villager (Male) |
| 25:42 | Create | Villager (Male) |
| 25:45 | Create | Villager (Male) |
| 25:45 | Create | Villager (Male) |
| 25:52 | Build | House |
| 25:53 | Build | House |
| 25:56 | Build | House |
| 25:58 | Build | House |
| 26:30 | Build | Farm |
| 26:36 | Create | Villager (Male) |
| 26:36 | Create | Villager (Male) |
| 26:36 | Create | Villager (Male) |
Build order — Great Gali Djowo
First 150 of 297 actions detected
| 0:05 | Create | Villager (Male) ×4 |
| 0:08 | Build | House |
| 0:10 | Build | House |
| 1:32 | Create | Villager (Male) |
| 2:08 | Create | Villager (Male) |
| 2:34 | Create | Villager (Male) |
| 3:07 | Create | Villager (Male) |
| 3:14 | Build | Mill |
| 3:39 | Create | Villager (Male) |
| 3:40 | Create | Villager (Male) |
| 3:42 | Build | House |
| 3:44 | Build | House |
| 3:45 | Build | House |
| 3:47 | Build | House |
| 4:39 | Create | Villager (Male) |
| 4:39 | Create | Villager (Male) |
| 5:11 | Create | Villager (Male) |
| 5:43 | Create | Villager (Male) |
| 6:14 | Create | Villager (Male) |
| 6:39 | Create | Villager (Male) |
| 6:52 | Build | Lumber Camp |
| 6:54 | Create | Villager (Male) |
| 7:23 | Create | Villager (Male) |
| 7:42 | Build | Mining Camp |
| 8:03 | Create | Villager (Male) |
| 8:11 | Research | Feudal Age |
| 10:13 | Build | Mill |
| 10:22 | Create | Villager (Male) |
| 10:22 | Create | Villager (Male) |
| 10:38 | Age | Feudal Age |
| 10:42 | Build | Market |
| 11:04 | Build | Blacksmith |
| 11:07 | Build | House |
| 11:08 | Build | House |
| 11:15 | Research | Loom |
| 11:18 | Create | Villager (Male) |
| 12:06 | Build | Farm |
| 12:16 | Create | Villager (Male) |
| 12:42 | Create | Villager (Male) |
| 12:46 | Build | Farm |
| 13:01 | Build | Farm |
| 13:09 | Create | Villager (Male) |
| 13:12 | Build | Farm |
| 13:37 | Build | Farm |
| 13:39 | Research | Castle Age |
| 14:13 | Build | Farm |
| 14:35 | Research | Double-Bit Axe |
| 14:47 | Build | Farm |
| 15:13 | Research | Horse Collar |
| 16:19 | Age | Castle Age |
| 16:21 | Create | Villager (Male) |
| 16:22 | Create | Villager (Male) |
| 16:22 | Create | Villager (Male) |
| 16:38 | Research | Stone Mining |
| 16:55 | Build | Town Center |
| 17:18 | Create | Villager (Male) |
| 17:43 | Build | Mining Camp |
| 17:52 | Build | Castle |
| 18:23 | Create | Villager (Male) |
| 18:24 | Create | Villager (Male) |
| 18:30 | Build | Town Center |
| 18:48 | Create | Villager (Male) ×3 |
| 19:19 | Create | Villager (Male) |
| 19:52 | Create | Villager (Male) ×2 |
| 20:00 | Build | Farm |
| 20:15 | Build | Town Center |
| 20:20 | Create | Villager (Male) |
| 20:30 | Create | Villager (Male) |
| 21:12 | Create | Villager (Male) ×2 |
| 21:32 | Build | Siege Workshop |
| 21:40 | Create | Villager (Male) |
| 21:44 | Build | Farm |
| 21:49 | Create | Villager (Male) |
| 22:13 | Create | Mangonel |
| 22:20 | Create | Villager (Male) |
| 22:25 | Build | Farm |
| 22:28 | Build | Farm |
| 22:30 | Create | Villager (Male) |
| 22:44 | Create | Villager (Male) |
| 22:57 | Create | Villager (Male) |
| 23:19 | Build | House |
| 23:21 | Build | House |
| 23:23 | Build | House |
| 23:27 | Create | Villager (Male) ×2 |
| 23:39 | Create | Battering Ram |
| 23:45 | Create | Villager (Male) |
| 23:51 | Create | Villager (Male) |
| 23:51 | Create | Villager (Male) |
| 24:08 | Build | Castle |
| 24:21 | Create | Battering Ram |
| 24:29 | Create | Mangonel |
| 24:32 | Create | Samurai ×2 |
| 24:37 | Create | Samurai |
| 24:44 | Build | Farm |
| 24:44 | Build | Farm |
| 24:44 | Build | Farm |
| 24:45 | Build | Farm |
| 24:45 | Build | Farm |
| 24:45 | Build | Farm |
| 24:46 | Build | Farm |
| 24:46 | Build | Farm |
| 24:47 | Build | Farm |
| 24:47 | Build | Farm |
| 24:47 | Build | Farm |
| 24:48 | Build | Farm |
| 24:48 | Build | Farm |
| 24:48 | Build | Farm |
| 24:49 | Build | Farm |
| 24:49 | Build | Farm |
| 24:49 | Build | Farm |
| 24:50 | Build | Farm |
| 24:50 | Build | Farm |
| 24:50 | Build | Farm |
| 24:52 | Build | Farm |
| 24:52 | Build | Farm |
| 24:52 | Build | Farm |
| 24:52 | Build | Farm |
| 24:52 | Build | Farm |
| 24:52 | Build | Farm |
| 24:53 | Build | Farm |
| 24:53 | Build | Farm |
| 24:53 | Build | Farm |
| 24:53 | Build | Farm |
| 24:54 | Build | Farm |
| 24:55 | Build | Farm |
| 24:57 | Build | Farm |
| 24:57 | Build | Farm |
| 24:57 | Build | Farm |
| 24:58 | Build | Farm |
| 24:58 | Build | Farm |
| 24:58 | Build | Farm |
| 24:59 | Build | Farm |
| 24:59 | Build | Farm |
| 24:59 | Build | Farm |
| 25:00 | Build | Farm |
| 25:00 | Build | Farm |
| 25:01 | Build | Farm |
| 25:01 | Build | Farm |
| 25:06 | Build | Farm |
| 25:06 | Build | Farm |
| 25:06 | Build | Farm |
| 25:06 | Build | Farm |
| 25:07 | Build | Farm |
| 25:07 | Build | Farm |
| 25:07 | Build | Farm |
| 25:13 | Create | Villager (Male) ×2 |
| 25:19 | Create | Villager (Male) |
| 25:31 | Create | Samurai |
| 25:39 | Build | House |
| 25:40 | Build | House |
Build order — Dark Light-XiaoXiao
First 150 of 406 actions detected
| 0:03 | Build | House |
| 0:04 | Build | House |
| 0:05 | Create | Villager (Male) |
| 0:06 | Create | Villager (Male) ×4 |
| 1:03 | Create | Villager (Male) |
| 1:54 | Build | Lumber Camp |
| 1:55 | Create | Villager (Male) |
| 2:25 | Create | Villager (Male) |
| 2:25 | Create | Villager (Male) |
| 2:51 | Build | House |
| 3:07 | Create | Villager (Male) |
| 3:07 | Create | Villager (Male) |
| 4:08 | Create | Villager (Male) |
| 4:11 | Create | Villager (Male) |
| 4:21 | Build | Mill |
| 5:04 | Create | Villager (Male) |
| 5:04 | Create | Villager (Male) |
| 5:05 | Create | Villager (Male) |
| 5:05 | Create | Villager (Male) |
| 5:33 | Build | House |
| 6:24 | Create | Villager (Male) |
| 6:37 | Create | Villager (Male) |
| 7:02 | Create | Villager (Male) |
| 7:34 | Create | Villager (Male) |
| 7:55 | Create | Villager (Male) |
| 8:22 | Research | Feudal Age |
| 9:16 | Create | Villager (Male) |
| 9:17 | Create | Villager (Male) |
| 9:46 | Build | Farm |
| 9:47 | Build | Farm |
| 9:48 | Build | Farm |
| 9:50 | Build | Farm |
| 9:51 | Build | Farm |
| 9:52 | Build | Farm |
| 9:54 | Build | Farm |
| 10:39 | Age | Feudal Age |
| 10:44 | Build | Lumber Camp |
| 10:47 | Create | Villager (Male) |
| 10:48 | Research | Double-Bit Axe |
| 10:49 | Research | Horse Collar |
| 10:58 | Create | Villager (Male) |
| 11:06 | Build | House |
| 12:35 | Build | Mining Camp |
| 12:45 | Build | Farm |
| 12:51 | Create | Villager (Male) |
| 12:54 | Create | Villager (Male) |
| 12:54 | Create | Villager (Male) |
| 13:50 | Build | House |
| 14:01 | Build | Blacksmith |
| 14:13 | Create | Villager (Male) |
| 14:51 | Build | Market |
| 14:57 | Create | Villager (Male) |
| 15:09 | Build | Mining Camp |
| 15:34 | Research | Castle Age |
| 15:57 | Build | House |
| 15:59 | Build | House |
| 16:03 | Research | Wheelbarrow |
| 16:25 | Research | Stone Mining |
| 16:26 | Research | Gold Mining |
| 18:14 | Age | Castle Age |
| 18:21 | Build | Farm |
| 18:23 | Research | Bow Saw |
| 18:30 | Build | Town Center |
| 18:48 | Build | Town Center |
| 19:01 | Build | Town Center |
| 19:06 | Create | Villager (Male) |
| 19:08 | Research | Heavy Plow |
| 19:40 | Research | Hand Cart |
| 20:26 | Create | Villager (Male) |
| 20:26 | Create | Villager (Male) |
| 20:29 | Create | Villager (Male) ×4 |
| 20:50 | Create | Villager (Male) |
| 20:50 | Create | Villager (Male) ×2 |
| 21:03 | Create | Villager (Male) |
| 21:04 | Create | Villager (Male) |
| 21:11 | Build | Farm |
| 21:12 | Build | Farm |
| 21:14 | Build | Farm |
| 21:19 | Build | Farm |
| 21:22 | Create | Villager (Male) |
| 21:22 | Create | Villager (Male) |
| 21:37 | Create | Villager (Male) |
| 21:37 | Create | Villager (Male) ×2 |
| 21:38 | Create | Villager (Male) ×2 |
| 21:56 | Create | Villager (Male) ×2 |
| 22:16 | Create | Villager (Male) |
| 22:18 | Create | Villager (Male) |
| 22:43 | Create | Villager (Male) |
| 22:43 | Create | Villager (Male) ×3 |
| 22:43 | Create | Villager (Male) ×3 |
| 23:02 | Build | Farm |
| 23:06 | Build | Farm |
| 23:07 | Build | Farm |
| 23:10 | Create | Villager (Male) |
| 23:16 | Create | Villager (Male) |
| 23:24 | Build | House |
| 23:25 | Build | House |
| 23:26 | Build | House |
| 23:28 | Build | House |
| 23:29 | Build | House |
| 23:30 | Build | House |
| 23:31 | Build | House |
| 23:33 | Build | House |
| 23:34 | Build | House |
| 23:35 | Create | Villager (Male) ×3 |
| 23:43 | Build | Farm |
| 23:47 | Build | Farm |
| 23:53 | Build | Farm |
| 23:59 | Build | Farm |
| 24:01 | Create | Villager (Male) ×3 |
| 24:06 | Create | Villager (Male) |
| 24:18 | Build | Farm |
| 24:20 | Build | Farm |
| 24:22 | Build | Farm |
| 24:23 | Build | Farm |
| 24:25 | Build | Farm |
| 24:27 | Create | Villager (Male) ×3 |
| 24:27 | Create | Villager (Male) ×3 |
| 24:27 | Create | Villager (Male) |
| 24:34 | Build | Farm |
| 24:35 | Build | Farm |
| 24:38 | Build | Farm |
| 24:40 | Build | Farm |
| 24:44 | Create | Villager (Male) ×2 |
| 25:02 | Create | Villager (Male) ×3 |
| 25:20 | Build | Farm |
| 25:22 | Build | Farm |
| 25:23 | Build | Farm |
| 25:25 | Build | Farm |
| 25:32 | Create | Villager (Male) ×5 |
| 25:39 | Build | Farm |
| 25:40 | Build | Farm |
| 25:42 | Build | Farm |
| 25:47 | Create | Villager (Male) |
| 25:57 | Build | Castle |
| 26:01 | Create | Villager (Male) ×5 |
| 26:02 | Create | Villager (Male) ×2 |
| 26:03 | Create | Villager (Male) |
| 26:15 | Build | Farm |
| 26:16 | Create | Villager (Male) |
| 26:16 | Create | Villager (Male) |
| 26:19 | Create | Villager (Male) ×5 |
| 26:19 | Create | Villager (Male) ×5 |
| 26:35 | Build | Farm |
| 26:36 | Build | Farm |
| 26:37 | Build | Farm |
| 26:39 | Build | Farm |
| 26:42 | Build | Farm |
| 26:47 | Build | House |
| 26:48 | Build | House |
Build order — KingTeOTep
First 150 of 237 actions detected
| 0:04 | Build | House |
| 0:05 | Create | Villager (Male) ×4 |
| 0:08 | Build | House |
| 1:55 | Create | Villager (Male) ×2 |
| 2:12 | Create | Villager (Male) |
| 2:27 | Build | House |
| 2:29 | Build | House |
| 3:10 | Create | Villager (Male) |
| 3:23 | Create | Villager (Male) ×2 |
| 4:06 | Research | Loom |
| 4:11 | Create | Villager (Male) ×2 |
| 5:05 | Create | Villager (Male) ×3 |
| 5:21 | Build | Lumber Camp |
| 5:53 | Create | Villager (Male) |
| 6:07 | Build | Mill |
| 6:10 | Create | Villager (Male) |
| 7:29 | Research | Feudal Age |
| 8:45 | Create | Villager (Male) |
| 8:46 | Create | Villager (Male) |
| 9:46 | Create | Villager (Male) |
| 9:47 | Create | Villager (Male) |
| 10:18 | Build | Mill |
| 10:33 | Build | House |
| 10:35 | Build | House |
| 10:53 | Build | Mining Camp |
| 11:11 | Create | Villager (Male) ×5 |
| 12:07 | Build | Market |
| 12:30 | Create | Villager (Male) |
| 12:40 | Build | Blacksmith |
| 13:04 | Build | Farm |
| 13:22 | Build | Farm |
| 13:38 | Build | Farm |
| 14:17 | Build | Mining Camp |
| 14:34 | Build | Barracks |
| 14:44 | Research | Castle Age |
| 15:15 | Create | Spearman |
| 15:15 | Create | Spearman |
| 15:44 | Build | House |
| 15:45 | Build | House |
| 15:55 | Create | Spearman |
| 16:05 | Research | Scale Mail Armor |
| 16:40 | Build | Gate |
| 16:54 | Build | Farm |
| 16:56 | Research | Horse Collar |
| 17:14 | Create | Villager (Male) |
| 17:14 | Create | Villager (Male) |
| 17:14 | Create | Villager (Male) |
| 17:30 | Research | Double-Bit Axe |
| 17:34 | Create | Villager (Male) |
| 17:34 | Create | Villager (Male) |
| 18:27 | Build | Castle |
| 18:44 | Research | Pikeman (upgrade) |
| 18:53 | Create | Villager (Male) |
| 18:53 | Create | Villager (Male) |
| 19:18 | Research | Squires |
| 19:29 | Create | Villager (Male) |
| 19:35 | Build | Farm |
| 19:36 | Build | Farm |
| 19:51 | Build | Monastery |
| 20:02 | Build | Mining Camp |
| 20:17 | Build | House |
| 20:21 | Build | Farm |
| 20:31 | Research | Fervor |
| 21:05 | Build | Siege Workshop |
| 21:22 | Build | Farm |
| 21:40 | Research | Fletching |
| 21:58 | Create | Villager (Male) |
| 21:59 | Create | Villager (Male) |
| 22:07 | Create | Battering Ram |
| 22:22 | Create | Spearman |
| 22:23 | Create | Spearman |
| 22:38 | Build | Gate |
| 22:45 | Build | Farm |
| 22:47 | Research | Heavy Plow |
| 22:57 | Build | Town Center |
| 23:15 | Create | Villager (Male) |
| 23:15 | Create | Villager (Male) |
| 23:16 | Create | Villager (Male) |
| 23:48 | Research | Sanctity |
| 23:53 | Create | Battering Ram |
| 24:09 | Research | Arson |
| 24:11 | Create | Spearman |
| 24:11 | Create | Spearman |
| 24:29 | Create | Villager (Male) |
| 24:29 | Create | Villager (Male) |
| 25:00 | Build | University |
| 25:17 | Create | Battering Ram |
| 25:25 | Build | Siege Workshop |
| 25:37 | Research | Bodkin Arrow |
| 25:57 | Create | Battering Ram |
| 26:31 | Create | Mangonel |
| 26:50 | Build | Lumber Camp |
| 26:53 | Research | Masonry |
| 28:13 | Research | Treadmill Crane |
| 28:31 | Research | Wheelbarrow |
| 28:32 | Create | Villager (Male) ×4 |
| 28:50 | Create | Mangonel |
| 29:00 | Build | Stone Wall |
| 29:07 | Build | Town Center |
| 29:12 | Research | Town Watch |
| 29:13 | Create | Villager (Male) |
| 29:22 | Build | Mining Camp |
| 29:30 | Build | House |
| 29:33 | Build | House |
| 29:40 | Create | Villager (Male) |
| 30:08 | Build | Stone Wall |
| 30:38 | Create | Villager (Male) ×4 |
| 31:02 | Research | Ballistics |
| 31:11 | Build | Farm |
| 31:12 | Build | Farm |
| 31:14 | Build | Farm |
| 31:20 | Build | Farm |
| 31:29 | Build | Farm |
| 31:31 | Build | Farm |
| 31:32 | Build | Farm |
| 31:34 | Build | Farm |
| 32:05 | Create | Battering Ram |
| 32:13 | Create | Battering Ram |
| 32:24 | Create | Villager (Male) ×5 |
| 34:31 | Build | Barracks |
| 34:40 | Build | Gate |
| 34:44 | Research | Fortified Wall (upgrade) |
| 35:06 | Create | Spearman |
| 35:07 | Create | Spearman |
| 35:07 | Create | Spearman |
| 35:13 | Build | Farm |
| 35:15 | Build | Farm |
| 35:16 | Build | Farm |
| 35:17 | Build | Farm |
| 35:31 | Research | Imperial Age |
| 35:39 | Create | Spearman |
| 35:39 | Create | Spearman |
| 35:55 | Create | Villager (Male) ×4 |
| 36:16 | Build | Stone Wall |
| 36:23 | Build | House |
| 36:31 | Research | Chain Mail Armor |
| 36:35 | Build | Barracks |
| 36:44 | Build | Stone Wall |
| 36:59 | Research | Hand Cart |
| 37:00 | Create | Villager (Male) |
| 37:39 | Create | Villager (Male) ×5 |
| 37:54 | Build | Town Center |
| 38:06 | Create | Villager (Male) ×3 |
| 38:12 | Build | Farm |
| 38:13 | Build | Farm |
| 38:24 | Build | Stone Wall |
| 38:31 | Build | Gate |
| 38:40 | Build | Farm |
| 38:41 | Build | Farm |
| 38:45 | Create | Villager (Male) ×5 |
Match timeline
| 9:39 | xiweb · first_building Barracks |
| 9:45 | xianhuoyan · age_up feudal |
| 10:14 | tyshuff · first_building Barracks |
| 10:38 | Great Gali Djowo · age_up feudal |
| 10:39 | Dark Light-XiaoXiao · age_up feudal |
| 10:54 | 叫我帅哥就好了 · age_up feudal |
| 11:02 | xiweb · age_up feudal |
| 11:05 | Felon · age_up feudal |
| 11:35 | xiweb · first_building Archery Range |
| 11:59 | tyshuff · age_up feudal |
| 12:00 | 叫我帅哥就好了 · first_building Barracks |
| 12:16 | tyshuff · first_building Archery Range |
| 12:57 | 叫我帅哥就好了 · first_building Stable |
| 14:33 | xianhuoyan · first_market_buy 100 food |
| 14:34 | KingTeOTep · first_building Barracks |
| 15:37 | Felon · first_building Barracks |
| 15:58 | xiweb · age_up castle |
| 16:03 | xiweb · first_building Monastery |
| 16:15 | 叫我帅哥就好了 · age_up castle |
| 16:19 | Great Gali Djowo · age_up castle |
| 16:25 | 叫我帅哥就好了 · first_building Monastery |
| 16:35 | tyshuff · age_up castle |
| 17:33 | xianhuoyan · age_up castle |
| 17:52 | Great Gali Djowo · first_building Castle |
| 18:14 | Dark Light-XiaoXiao · age_up castle |
| 18:27 | KingTeOTep · first_building Castle |
| 18:33 | Felon · age_up castle |
| 18:34 | xiweb · first_building Castle |
| 18:51 | Felon · first_building Monastery |
| 19:41 | xiweb · wall_segment Stone Wall x5 |
| 19:51 | KingTeOTep · first_building Monastery |
| 19:59 | Felon · first_market_sell 100 wood |
| 20:20 | xianhuoyan · first_building Siege Workshop |
| 20:54 | Felon · first_building Stable |
| 21:05 | KingTeOTep · first_building Siege Workshop |
| 21:32 | Great Gali Djowo · first_building Siege Workshop |
| 21:55 | xianhuoyan · first_building Castle |
| 24:07 | 叫我帅哥就好了 · first_market_buy 100 stone |
| 24:13 | xianhuoyan · first_building Barracks |
| 24:58 | xianhuoyan · wall_segment Stone Wall x21 |
| 25:57 | Dark Light-XiaoXiao · first_building Castle |
| 25:59 | xianhuoyan · wall_segment Stone Wall x12 |
| 26:13 | xiweb · first_market_sell 100 wood |
| 26:38 | tyshuff · first_building Siege Workshop |
| 27:04 | Dark Light-XiaoXiao · first_building Barracks |
| 27:33 | Dark Light-XiaoXiao · first_building Monastery |
| 27:43 | tyshuff · first_building Castle |
| 28:28 | xiweb · first_building Siege Workshop |
| 28:55 | Great Gali Djowo · first_market_buy 500 food |
| 28:58 | Great Gali Djowo · first_market_sell 500 stone |
| 29:00 | KingTeOTep · wall_segment Stone Wall x14 |
| 29:30 | xiweb · age_up imperial |
| 30:03 | Great Gali Djowo · first_building Barracks |
| 30:08 | KingTeOTep · wall_segment Stone Wall x9 |
| 31:01 | Dark Light-XiaoXiao · first_building Stable |
| 31:05 | Great Gali Djowo · first_building Archery Range |
| 31:15 | 叫我帅哥就好了 · age_up imperial |
| 31:19 | tyshuff · age_up imperial |
| 31:42 | Felon · first_building Castle |
| 31:47 | xiweb · first_building Stable |
| 31:47 | Dark Light-XiaoXiao · age_up imperial |
| 32:18 | Great Gali Djowo · age_up imperial |
| 33:56 | Felon · first_building Archery Range |
| 34:03 | Dark Light-XiaoXiao · first_building Archery Range |
| 34:16 | Felon · age_up imperial |
| 34:33 | 叫我帅哥就好了 · first_building Castle |
| 34:50 | xianhuoyan · age_up imperial |
| 35:26 | KingTeOTep · first_market_buy 100 food |
| 35:29 | Felon · first_building Siege Workshop |
| 36:16 | KingTeOTep · wall_segment Stone Wall x8 |
| 36:44 | KingTeOTep · wall_segment Stone Wall x10 |
| 38:24 | KingTeOTep · wall_segment Stone Wall x13 |
| 38:44 | Dark Light-XiaoXiao · first_market_sell 500 food |
| 40:24 | KingTeOTep · wall_segment Stone Wall x7 |
| 41:41 | KingTeOTep · first_building Archery Range |
| 42:36 | 叫我帅哥就好了 · first_building Siege Workshop |
| 42:41 | KingTeOTep · wall_segment Stone Wall x5 |
| 44:01 | KingTeOTep · wall_segment Stone Wall x7 |
| 45:45 | xianhuoyan · resign |
[ AI ANALYSIS · 1 CREDIT ]
What really happened in this match?
Wolo.gg analyzes every decision: build order, eco, micro, common mistakes by bracket. Personalized analysis on WhatsApp or Discord in 30 seconds.
Civ guide
Cumans
Map guide
Arena
Perfil
Jugador #12425865